 Dungeon Crawl Stone Soup version 0.29.1-15-g9cfb28693d (webtiles) character file.

Game seed: 14868483703567775890

53 croobank the Sneak (level 3, -1/26 HPs)
             Began as an Octopode Delver on Feb 23, 2023.
             Slain by an orc priest
             ... wielding a +0 club
              (2 damage)
             ... on level 4 of the Dungeon.
             The game lasted 00:01:38 (600 turns).

croobank the Sneak (Octopode Delver)                 Turns: 600, Time: 00:01:38

Health: -1/26      AC:  1    Str: 11    XL:     3   Next: 89%
Magic:  3/3        EV: 13    Int: 14    God:
Gold:   34         SH:  0    Dex: 13    Spells: 2/2 levels left

rFire   . . .      SeeInvis .   a - +4 hand axe "Ivvoat" {freeze, Fly}
rCold   . . .      Faith    .   (no shield)
rNeg    . . .      Spirit   .   (helmet restricted)
rPois   .          Reflect  .   (no amulet)
rElec   .          Harm     .   (no ring)
rCorr   .          Rampage  .   (no ring)
Will    .....                   (no ring)
Stlth   ++++......              (no ring)
HPRegen 0.08/turn               (no ring)
MPRegen 0.08/turn               (no ring)
                                (no ring)
                                (no ring)

@: flying
A: almost no armour, amphibious, 8 rings, camouflage 1, gelatinous body 1,
(nimble swimmer 1), tentacles
a: no special abilities


You were on level 4 of the Dungeon.
You visited 2 branches of the dungeon, and saw 3 of its levels.

You collected 34 gold pieces.

Inventory:

Hand Weapons
 a - the +4 hand axe "Ivvoat" (weapon) {freeze, Fly}
   (You found it on level 5 of the Dungeon)

   It freezes those it strikes, dealing additional cold damage.
   It can also slow down cold-blooded creatures.
   Fly:       It grants you flight.
 g - a +0 quarterstaff
 i - a +0 war axe
Wands
 f - a wand of digging (3)
 j - a wand of polymorph (4)
Scrolls
 b - a scroll of fog
 c - a scroll of magic mapping
Potions
 d - a potion of berserk rage {unknown}
 e - a potion of haste
 h - a potion of heal wounds {unknown}


   Skills:
 + Level 3.4 Fighting
 + Level 2.6 Axes
 + Level 2.6 Dodging
 + Level 7.1 Stealth


You had 2 spell levels left.
You didn't know any spells.
Your spell library was empty.

Dungeon Overview and Level Annotations

Branches:
Dungeon (5/15)             Temple (1/1) D:5

Altars:
Ashenzari
Dithmenos
Fedhas
Hepliaklqana
Kikubaaqudgha
Makhleb
Okawaru
Ru
Trog
Uskayaw
Vehumet
Wu Jian
Xom
Yredelemnul
Zin
The Shining One


Innate Abilities, Weirdness & Mutations

You cannot wear most types of armour.
You are amphibious.
You can wear up to eight rings at the same time.
Your skin changes colour to match your surroundings (Stealth+).
Your rubbery body absorbs attacks. (AC +1, EV +1)
((You are camouflaged when in or above water. (Stealth+)))
You have tentacles for arms and can constrict up to eight enemies at once.


Message History

You kill the hound!
Your Stealth skill increases to level 7!
You have reached level 3!
Your experience leads to an increase in your attributes!
Increase (S)trength, (I)ntelligence, or (D)exterity?
You feel clever. x2
You start resting.
HP restored.
d - a ruby potion You now have 34 gold pieces (gained 9).
An orc priest comes into view. It is wielding a +0 club.
An orc comes into view. It is wielding a +0 trident.
The orc priest shouts!
An orc comes into view. It is wielding a +0 hand axe.
The orc priest hits you with a +0 club.
An orc comes into view. It is wielding a +0 club.
The orc hits you with a +0 trident!
The orc priest hits you but does no damage.
The orc shouts!
You barely miss the orc priest.
The orc shouts!
Your grab misses the orc priest. You hit the orc. You freeze the orc.
The orc priest barely misses you. The orc hits you with a +0 trident.
You slash the orc! You freeze the orc.
You kill the orc!
You barely miss the orc.
You hit the orc priest but do no damage.
The orc priest closely misses you. The orc hits you with a +0 hand axe.
You barely miss the orc. You grab the orc. You squeeze the orc.
The orc is heavily wounded.
You hit the orc priest. You freeze the orc priest. You hit the orc.
You freeze the orc.
You kill the orc!
You constrict the orc, but do no damage.
The orc hits you with a +0 hand axe.
* * * LOW HITPOINT WARNING * * *
The orc priest hits you with a +0 club.
* * * LOW HITPOINT WARNING * * *
The orc priest hits you with a +0 club.
You die...

### ##### #.. #...# ####
#.# # #...##..... #.#
#.###.......... #.#
.............. #.#
............ #.# #
#))o.......
#.####.#.####@o.......
#>....................
###...........##.##.....
#.......##.##. #..#.....
#.#####.## # #.....+.
#.# #.# #.#..8..# #.#
#.##+##+##.#.....#
#.#####.#........#.....#
#.......#...[....# +++##


You could see an orc priest and an orc.

Vanquished Creatures
  A hound (D:4)
  2 adders
  2 orcs (D:4)
  2 endoplasms (D:4)
  A quokka (D:4)
8 creatures vanquished.

Notes
Turn   | Place    | Note
-------+----------+-------------------------------------------
     0 | D:5      | croobank the Octopode Delver began the quest for the Orb.
     0 | D:5      | Reached XP level 1. HP: 16/16 MP: 1/1
    22 | D:5      | Identified the +4 hand axe "Ivvoat" {freeze, Fly}
   133 | D:5      | Found a sacrificial altar of Ru.
   168 | D:5      | Found a staircase to the Ecumenical Temple.
   174 | D:5      | Reached XP level 2. HP: 21/21 MP: 2/2
   177 | D:5      | Noticed a black bear
   181 | Temple   | Entered the Ecumenical Temple
   493 | D:4      | Reached skill level 7 in Stealth
   493 | D:4      | Reached XP level 3. HP: 19/26 MP: 3/3
   600 | D:4      | HP: 1/26 [orc priest/+0 club (3)]
   600 | D:4      | Slain by an orc priest

Illustrated notes

Levels and vault maps discovered:
D:4:      gammafunk_steamed_eel, layout_basic, slow_altar_2
D:5:      layout_gridville, nicolae_ru_sacrificial_ziggurat,
          minmay_temple_entry_drinking_statues, kennysheep_pointless_box
Temple:   hellmonk_temple_of_storms

Skill      XL: |  1  2 |
---------------+-------+-----
Stealth        | 7 |  7.1
Fighting       | |  3.4
Axes           | |  2.6
Dodging        | |  2.6

Action                   || total
-------------------------++-------
Melee: Hand axe          ||    16
       Constrict         ||     3
       Tentacles         ||     3
  Use: Scroll            ||     1
 Stab: Sleeping          ||     4
Armor: Skin              ||     4
Dodge: Dodged            ||    13
